 Dungeon Crawl Stone Soup version 0.27-a0-3-gcf006a40f5 (webtiles) character file.

Game seed: 17332506825578113535

217 tilp the Cudgeller (level 5, 0/54 HPs)
             Began as an Ogre Abyssal Knight on Jan 1, 2021.
             Was a Believer of Lugonu.
             Slain by a goblin
             ... wielding a +0 club
              (3 damage)
             ... on level 3 of the Dungeon.
             The game lasted 00:05:53 (3796 turns).

tilp the Cudgeller (Ogre Abyssal Knight)            Turns: 3796, Time: 00:05:54

Health: 0/54       AC:  7    Str: 16    XL:     5   Next: 94%
Magic:  6/6        EV: 10    Int: 14    God:    Lugonu [**....]
Gold:   149        SH:  0    Dex:  8    Spells: 4/4 levels left

rFire    + . .     SeeInvis .   a - +1 mace
rCold    + . .     Faith    .   (no shield)
rNeg     . . .     Spirit   .   b - +0 robe
rPois    .         Reflect  .   (helmet restricted)
rElec    .         Harm     .   m - scarf {rC+ rF+}
rCorr    .         Rampage  .   (gloves unavailable)
Will     .....                  (boots unavailable)
Stlth    +.........             (no amulet)
HPRegen  0.18/turn              l - +4 ring of protection
MPRegen  0.10/turn              (no ring)

@: no status effects
A: large, unfitting armour, tough skin 1
a: Renounce Religion, Depart the Abyss, Bend Space


You were on level 3 of the Dungeon.
You worshipped Lugonu.
Lugonu was pleased with you.
You visited 1 branch of the dungeon, and saw 3 of its levels.
You visited the Abyss 1 time.
You also visited: Sewer.

You collected 149 gold pieces.

Inventory:

Hand Weapons
 a - a +1 mace (weapon)
 j - a +1 vorpal hunting sling
Missiles
 c - 4 datura-tipped darts
 d - 109 stones
 i - 8 boomerangs (quivered)
Armour
 b - a +0 robe (worn)
 m - a scarf of resistance (worn)
Jewellery
 l - a +4 ring of protection (left hand)
Scrolls
 e - 2 scrolls of remove curse
 f - a scroll of identify
 g - 3 scrolls of blinking
 p - a scroll of fog {unknown}
 q - 3 scrolls of teleportation
Potions
 h - a potion of cancellation
 k - 2 potions of lignification
 n - 4 potions of flight
 o - a potion of invisibility {unknown}
 r - 2 potions of brilliance {unknown}


   Skills:
 - Level 4.0 Fighting
 + Level 5.4 Maces & Flails
 - Level 2.1 Dodging
 - Level 2.0 Invocations


You had 4 spell levels left.
You didn't know any spells.
Your spell library contained the following spells:

 Spells                   Type           Power        Failure   Level
 Corona                   Hex            0%           28%         1
 Ensorcelled Hibernation  Hex/Ice        0%           41%         2
 Confusing Touch          Hex            0%           65%         3
 Dazzling Flash           Conj/Hex       0%           65%         3
 Tukima's Dance           Hex            0%           65%         3


Dungeon Overview and Level Annotations

Branches:
Dungeon (3/15)              Sewer (visited)

Altars:
Sif Muna


Innate Abilities, Weirdness & Mutations

You are too large for most types of armour.
You have tough skin. (AC +1)


Message History

You hit the orc priest but do no damage.
The orc priest is severely wounded.
The orc priest barely misses you. The orc barely misses you.
The rat bites you but does no damage. The goblin hits you but does no damage.
The orc hits you but does no damage.
The orc priest hits you with a +0 dagger.
* * * LOW HITPOINT WARNING * * *
The orc barely misses you. The rat bites you but does no damage.
You hit the orc priest but do no damage.
The orc priest is severely wounded.
The goblin hits you with a +0 club.
* * * LOW HITPOINT WARNING * * *
The orc hits you but does no damage.
The orc priest hits you with a +0 dagger.
* * * LOW HITPOINT WARNING * * *
The rat bites you but does no damage. The orc hits you but does no damage.
You hit the orc priest but do no damage.
The orc priest is severely wounded.
The goblin hits you with a +0 club.
You die...

...#...........wo.# #.##
#.#.........##...# #..#
#................# #..#
##...........g.o.# )♣ #...
####.........≈g....# ♣♣.♣ #...
#....##≈≈.≈≈##.....# ♣).P♣♣ #...
+....##≈≈.≈≈##...### ♣.P..♣ #.).
+....≈≈.....≈≈w#### #....# #...
#..o.≈≈.....≈≈gr@o# ##....####...
#...g≈≈........ogo###.........###
....o≈≈.....≈≈................#
..##.≈≈.....≈≈.###............#
.. #.##≈≈≈≈≈##.###............#
...#.##≈≈≈≈≈##................#
...#........).≈...............#
.....o..#.....................###
......o.#..........(.............


You could see an orc priest, a dart slug, 2 orcs, a hobgoblin, a goblin and a
rat.

Vanquished Creatures
  4 gnolls
  5 adders
  7 oozes
  5 worms
  2 dart slugs (D:1)
  A leopard gecko (D:3)
  4 orcs (D:3)
  A ball python (D:3)
  5 giant cockroaches
  5 goblins
  9 hobgoblins
  6 jackals
  A quokka (D:2)
  16 bats
  4 frilled lizards
  4 kobolds
  4 rats
83 creatures vanquished.

Vanquished Creatures (others)
  A fungus (D:3)
1 creature vanquished.

Grand Total: 84 creatures vanquished

Notes
Turn   | Place    | Note
-------+----------+-------------------------------------------
     0 | Abyss:1  | tilp the Ogre Abyssal Knight began the quest for the Orb.
     0 | Abyss:1  | Reached XP level 1. HP: 24/24 MP: 2/2
    22 | Abyss:1  | Found a corrupted altar of Lugonu.
    88 | D:1      | Escaped the Abyss
   301 | D:1      | Reached skill level 2 in Maces & Flails
   378 | D:1      | Reached XP level 2. HP: 30/32 MP: 3/3
   518 | D:1      | Reached * piety under Lugonu
   989 | D:1      | Reached skill level 3 in Maces & Flails
   996 | D:1      | Reached XP level 3. HP: 34/39 MP: 4/4
  1428 | D:2      | Found a shimmering blue altar of Sif Muna.
  1951 | D:3      | Reached XP level 4. HP: 12/48 MP: 5/5
  2023 | D:2      | Reached skill level 4 in Maces & Flails
  2363 | D:3      | Found a glowing drain.
  2380 | D:3      | Reached XP level 5. HP: 37/54 MP: 6/6
  2381 | Sewer    | Entered a sewer
  2844 | Sewer    | Reached ** piety under Lugonu
  3109 | Sewer    | Reached skill level 5 in Maces & Flails
  3796 | D:3      | Slain by a goblin

Illustrated notes

Levels and vault maps discovered:
D:1:      minmay_arrival_shoal_huts, layout_basic
D:2:      layout_basic, nicolae_overflow_crystal_walls, hangedman_decor_points
D:3:      layout_basic, nzn_hepliaklqana_mist_gate,
          cheibrodos_sewer_entry_sluice, kennysheep_generic_room_3,
          uniq_crazy_yiuf_cottage

Skill      XL: |  1  2  3  4  5 |
---------------+----------------+-----
Maces & Flails | 2 3 4 5 |  5.4
Fighting       | |  4.0
Dodging        | |  2.1
Invocations    | |  2.0

Action                   |  1- 3 |  4- 6 || total
-------------------------+-------+-------++-------
Melee: Mace              |   117 |   203 ||   320
Throw: Dart              |     3 |       ||     3
       Boomerang         |       |     2 ||     2
Invok: Depart the Abyss  |     1 |       ||     1
       Bend Space        |       |     4 ||     4
  Use: Scroll            |     4 |     3 ||     7
       Potion            |     1 |       ||     1
Armor: Robe              |    59 |   118 ||   177
       Skin              |    11 |       ||    11
Dodge: Dodged            |    69 |   145 ||   214

Table legend: (Time is in decaauts)
 A = Elapsed time spent in this place.
 B = Non-inter-level travel time spent in this place.
 C = Inter-level travel time spent in this place.
 D = Time resting spent in this place.
 E = Time spent auto-exploring this place.
 F = Levels seen in this place.
 G = Mean time per level.
                   A        B        C        D        E       F      G
               +--------+--------+--------+--------+--------+-----+--------+
         Total |   4038 |   3931 |    107 |   1044 |   1861 |   5 |  807.6 |
       Dungeon |   2701 |   2594 |    107 |    664 |   1230 |   3 |  900.3 |
         Abyss |     88 |     88 |      0 |      0 |     75 |   1 |   88.0 |
         Sewer |   1248 |   1248 |      0 |    380 |    555 |   1 | 1248.0 |
               +--------+--------+--------+--------+--------+-----+--------+

Top non-repeatable levels by time:
   Sewer: 1248 daAuts
     D:1: 1132 daAuts
     D:2: 858 daAuts
     D:3: 710 daAuts
 Abyss:1: 88 daAuts
